Map: New Repugnancy LE

Players

Mez - Winner!

  • Race: Terran Terran
  • League: Master
  • Spawn Location: 1:00

Eyþór

  • Race: Zerg Zerg
  • League: Master
  • Spawn Location: 7:00

VOD

Have the link to the VOD?

Description

Time

  • Played on: Aug. 11, 2019, 1:57 p.m.
  • Length: 14:11
Show
View Real Time Build Order
Export as new Build Order

Mez Terran - Winner!

Build Orders: Liberator Opening, Reaper Expand 

Get SALT Encoding   

  12  0:00  SCV  
  13  0:13  SCV  
  14  0:17  Supply Depot  
  14  0:25  SCV  
  15  0:39  SCV  
  15  0:41  Barracks  
  16  0:44  Refinery  
  16  0:51  SCV  
  17  1:03  SCV  
  18  1:16  SCV  
  19  1:28  Reaper, Orbital Command  
  20  1:41  Command Center  
  20  1:50  Supply Depot  
  20  1:54  SCV  
  21  2:00  Marine  
  22  2:07  SCV  
  23  2:13  Factory  
  23  2:17  Refinery  
  23  2:22  Barracks Reactor  
  23  2:28  SCV  
  24  3:02  SCV, Starport, Orbital Command  
  24  3:05  Hellion x2  
  28  3:19  SCV  
  29  3:22  Liberator  
  29  3:26  Hellion  
  29  3:27  Hellion  
  33  3:30  SCV  
  33  3:31  SCV  
  35  3:34  Marine  
  39  3:42  SCV  
  39  3:43  SCV  
  39  3:48  Supply Depot  
  41  3:52  Widow Mine x2  
  45  3:56  SCV  
  45  3:59  Barracks Tech Lab  
  46  4:09  SCV x2  
  48  4:11  Supply Depot  
  48  4:21  SCV  
  48  4:29  Starport Tech Lab  
  46  4:32  Factory Tech Lab  
  46  4:34  SCV  
  46  4:36  Marine x2  
  48  4:39  Command Center  
  47  4:54  Banshee  
  47  4:56  SCV  
  47  4:59  Cyclone  
  54  5:03  Orbital Command  
  54  5:19  Marine  
  54  5:20  SCV  
  54  5:22  Marine  
  53  5:32  SCV  
  54  5:35  Barracks  
  54  5:36  Barracks  
  54  5:45  Supply Depot  
  54  5:50  Supply Depot  
  54  5:51  SCV x2  
  54  5:53  Engineering Bay x2, Factory Reactor  
  56  5:58  Starport Reactor  
  56  6:03  SCV x2  
  54  6:09  Marine  
  55  6:11  Stimpack, Orbital Command  
  55  6:15  SCV x2  
  55  6:16  Barracks  
  54  6:27  SCV x2, Marine, Terran Infantry Weapons Level 1  
  54  6:29  Barracks  
  56  6:38  Supply Depot  
  56  6:39  SCV x2  
  53  6:51  SCV x2  
  48  6:56  Marine  
  46  7:01  Supply Depot  
  46  7:03  SCV x2  
  46  7:05  Supply Depot  
  46  7:06  Medivac x2  
  46  7:07  Marine  
  46  7:08  Marine x3  
  56  7:12  Terran Infantry Armor Level 1  
  56  7:14  Marine  
  57  7:15  SCV x2  
  57  7:17  Refinery  
  57  7:18  Refinery, SCV  
  57  7:21  Barracks Reactor x2  
  60  7:23  Siege Tank  
  60  7:25  Marine x2  
  60  7:27  SCV x2  
  60  7:29  Marine x2  
  69  7:32  Marine  
  69  7:33  SCV  
  71  7:40  SCV  
  71  7:43  Marine x2, Orbital Command  
  73  7:47  Marine x2  
  73  7:51  Supply Depot  
  73  7:52  Supply Depot  
  72  7:58  SCV x2  
  72  8:04  Siege Tank, Marine  
  72  8:05  Marine x7, Supply Depot  
  80  8:06  Marine  
  80  8:07  Supply Depot  
  80  8:10  SCV x2  
  80  8:11  SCV  
  88  8:21  Medivac  
  88  8:22  SCV, Marine x2, Medivac  
  88  8:23  SCV  
  88  8:24  SCV, Armory  
  97  8:32  Supply Depot  
  97  8:35  SCV x2  
  97  8:36  SCV, Marine x5  
  97  8:37  Refinery  
  105  8:42  Marine x3  
  105  8:47  Siege Tank  
  112  8:54  Factory, Refinery  
  111  8:56  Supply Depot  
  111  9:00  Command Center  
  111  9:07  Marine x9  
  120  9:19  Siege Tank, Medivac x2  
  125  9:24  Marine  
  125  9:25  Marine x2  
  125  9:28  Marine x4  
  125  9:29  SCV x2, Marine x2  
  125  9:30  SCV  
  135  9:41  SCV  
  135  9:42  Barracks  
  135  9:43  Barracks  
  135  9:44  Barracks  
  130  9:57  Marine x9  
  139  10:02  Factory Tech Lab  
  139  10:07  Supply Depot  
  139  10:08  Terran Infantry Armor Level 2, Terran Infantry Weapons Level 2, Supply Depot  
  139  10:09  Supply Depot  
  139  10:10  Siege Tank  
  139  10:12  Supply Depot  
  142  10:15  Marine x4  
  146  10:21  Marine x3  
  146  10:26  Supply Depot  
  149  10:29  Siege Tank, Supply Depot  
  150  10:45  Siege Tank, Marine x6  
  150  10:46  Barracks Reactor  
  150  10:47  Barracks Tech Lab x2  
  156  10:54  Planetary Fortress  
  156  10:56  SCV x2  
  156  10:57  SCV  
  157  11:01  Siege Tank  
  160  11:07  Supply Depot  
  160  11:08  SCV, Supply Depot  
  160  11:09  SCV  
  155  11:12  Medivac x2  
  159  11:22  Marine x8  
  159  11:23  Sensor Tower  
  159  11:26  Marine x4  
  159  11:27  Siege Tank  
  166  11:41  Medivac  
  168  11:54  Command Center  
  162  12:05  Barracks Reactor, Marine x5  
  140  12:16  Marine x6  
  140  12:17  Siege Tank x2  
  140  12:18  Medivac x2  
  156  12:23  Marine x3  
  156  12:27  Marine x2  
  161  12:33  Marine  
  161  12:34  Marine x5  
  164  12:41  Marine x3  
  164  12:42  Marine x2  
  165  12:45  Marine x2  
  165  12:49  Siege Tank  
  157  12:51  Marine  
  157  12:52  Siege Tank, Marine x5  
  166  12:58  Marine  
  166  12:59  Marine x2  
  166  13:00  Marine x2  
  166  13:03  Marine x2  
  157  13:09  Marine x6  
  159  13:16  Marine  
  159  13:17  Marine x2  
  159  13:18  Marine x2  
  164  13:21  Siege Tank, Marine x2  
  164  13:24  Siege Tank  
  171  13:27  Marine x2  
  171  13:28  Marine  
  171  13:29  Marine x3  
  171  13:34  Marine, Medivac x2  
  179  13:38  Marine  
  179  13:39  Marine  
  184  13:43  Marine  
  184  13:44  Marine x2  
Show
View Real Time Build Order
Export as new Build Order

Eyþór Zerg 

Build Orders: Hatch First 

Get SALT Encoding   

  12  0:00  Drone  
  13  0:12  Overlord  
  13  0:17  Drone  
  14  0:30  Drone  
  14  0:31  Drone  
  14  0:34  Drone  
  17  0:52  Hatchery  
  17  0:54  Drone  
  17  0:57  Drone  
  18  1:09  Extractor  
  17  1:13  Spawning Pool  
  17  1:16  Drone  
  17  1:19  Drone  
  18  1:28  Drone  
  19  1:41  Overlord  
  19  2:00  Zergling x4  
  21  2:03  Queen x2  
  21  2:04  Zergling x2  
  26  2:14  Drone, Metabolic Boost  
  27  2:15  Drone  
  28  2:36  Roach Warren  
  28  2:37  Drone x3  
  30  2:55  Overlord  
  30  2:56  Overlord  
  30  2:57  Overlord  
  29  3:17  Roach  
  29  3:18  Roach x4  
  38  3:21  Roach  
  38  3:23  Roach x2  
  38  3:25  Drone  
  45  3:49  Hatchery  
  44  3:58  Drone  
  44  3:59  Drone x6  
  51  4:06  Overlord  
  51  4:09  Overlord  
  48  4:37  Spore Crawler  
  48  4:38  Spore Crawler  
  46  4:39  Drone x6  
  46  4:40  Drone x5  
  57  4:56  Extractor  
  57  4:57  Lair, Extractor  
  55  5:00  Queen, Extractor  
  50  5:28  Drone x3  
  45  5:29  Drone x3  
  45  5:30  Roach x7  
  45  5:34  Drone  
  45  5:35  Drone x2  
  65  5:39  Drone x4  
  65  5:42  Overlord  
  69  5:47  Drone  
  70  5:56  Spore Crawler, Spine Crawler  
  68  5:57  Overlord  
  68  5:59  Overlord  
  68  6:04  Hydralisk Den  
  68  6:14  Spine Crawler  
  67  6:23  Zergling x2  
  67  6:24  Zergling x8  
  67  6:25  Roach x7  
  77  6:31  Drone x2  
  77  6:32  Drone x4  
  69  6:37  Queen  
  69  6:38  Drone  
  68  6:58  Ravager  
  69  7:09  Queen  
  69  7:10  Muscular Augments  
  69  7:12  Drone x9  
  69  7:15  Baneling Nest  
  78  7:34  Drone x2  
  78  7:58  Hydralisk x7  
  78  7:59  Hydralisk x3  
  98  8:06  Extractor  
  98  8:07  Extractor  
  96  8:13  Centrifical Hooks  
  96  8:18  Evolution Chamber  
  96  8:19  Evolution Chamber  
  94  8:20  Drone x4  
  94  8:21  Grooved Spines, Overlord x4  
  98  8:27  Overlord  
  98  8:28  Hatchery  
  97  8:44  Drone x2  
  97  8:45  Drone x4  
  103  8:53  Drone x2  
  103  8:54  Drone x4  
  110  8:55  Zergling x2  
  110  8:56  Zergling x4  
  110  9:01  Zerg Melee Weapons Level 1  
  110  9:02  Zerg Ground Armor Level 1  
  112  9:03  Hydralisk  
  112  9:04  Hatchery  
  113  9:14  Hydralisk x6  
  118  9:55  Hydralisk x4, Queen  
  118  9:56  Hydralisk x8  
  144  10:08  Overlord  
  144  10:09  Overlord x4, Extractor  
  144  10:13  Queen, Extractor  
  144  10:27  Spore Crawler  
  144  10:28  Drone x12  
  154  10:30  Zergling x6  
  158  10:41  Zergling x16  
  166  10:58  Zergling x2  
  166  10:59  Zergling x16  
  172  11:13  Zergling x14  
  172  11:14  Overlord x3, Zergling x6  
  182  11:22  Infestation Pit  
  177  11:29  Hatchery  
  177  11:30  Baneling x4  
  177  11:31  Baneling x14  
  177  11:32  Zergling x18  
  185  11:39  Baneling x7  
  185  11:52  Zergling x12  
  185  11:53  Overlord x3  
  119  12:15  Zergling x2  
  119  12:16  Zergling x38  
  119  12:22  Hive  
  139  12:24  Hydralisk x3  
  139  12:25  Spire  
  127  12:39  Hydralisk  
  127  12:40  Zergling x6, Hydralisk  
  127  12:41  Zergling x6  
  129  12:49  Baneling x7  
  129  12:50  Hydralisk x2, Baneling x6  
  129  12:51  Zergling x2  
  127  12:52  Zergling x2  
  127  12:53  Hatchery  
  86  13:14  Hydralisk  
  86  13:16  Hydralisk x7  
  95  13:30  Drone x3  
  102  13:35  Zergling x2  
  102  13:36  Baneling  
  93  13:54  Baneling  
Tags
 
Add a new tag
Caveats
  • Supply blocks, unpowered buildings, or Contaminate may cause inaccurate times.
  • Supply counts are checked every 10 seconds.